 Dungeon Crawl Stone Soup version 0.25-a0-294-gea9b1ad (webtiles) character file.

Game seed: 13229232956605046757, levelgen mode: deterministic

1069 Birdy the Ducker (level 8, -2/54 HPs)
             Began as a Halfling Enchanter on Dec 18, 2019.
             Killed by nerve-wracking pain
             ... invoked by an orc priest
              (13 damage)
             ... on level 5 of the Dungeon.
             The game lasted 00:23:44 (6211 turns).

Birdy the Ducker (Halfling Enchanter)               Turns: 6211, Time: 00:23:45

Health: -2/54      AC:  7    Str: 11    XL:     8   Next: 53%
Magic:  1/12       EV: 13    Int: 13    God:
Gold:   234        SH:  0    Dex: 15    Spells: 7/13 levels left

rFire    . . .     SeeInvis .   l - -2 rapier (curse)
rCold    + . .     Gourm    .   (shield restricted)
rNeg     . . .     Faith    .   c - +0 scale mail
rPois    .         Spirit   .   (helmet restricted)
rElec    .         Reflect  .   (no cloak)
rCorr    .         Harm     .   (no gloves)
MR       .....                  (no boots)
Stlth    ++........             (no amulet)
HPRegen  0.18/turn              f - ring of wizardry
MPRegen  0.13/turn              b - ring of protection from cold

@: no status effects
A: small, antennae 1, camouflage 1, mutation resistance 1
a: no special abilities


You were on level 5 of the Dungeon.
You were near starving.

You visited 1 branch of the dungeon, and saw 5 of its levels.
You also visited: Sewer.

You collected 234 gold pieces.

Inventory:

Hand Weapons
 a - a +2 dagger
 l - a cursed -2 rapier (weapon)
Armour
 c - a +0 scale mail (worn)
 h - a +1 leather armour
Jewellery
 b - a ring of protection from cold (right hand)
 f - a ring of wizardry (left hand)
Scrolls
 e - 3 scrolls of teleportation
 i - a scroll of enchant weapon
 o - 3 scrolls of identify
 p - a scroll of enchant armour
Potions
 g - a potion of flight
Comestibles
 d - 5 rations


   Skills:
 + Level 3.8 Fighting
 - Level 1.2 Short Blades
 + Level 4.0 Armour
 + Level 5.4 Dodging
 - Level 3.2 Stealth
 - Level 3.0 Spellcasting
 + Level 4.4 Hexes


You had 7 spell levels left.
You knew the following spells:

 Your Spells              Type           Power        Failure   Level  Hunger
a - Corona                Hex            ##.....      9%          1    #......
b - Tukima's Dance        Hex            ##......     24%         3    ###....
c - Ensorcelled Hibernat  Hex/Ice        #.....       28%         2    ###....

Your spell library contained the following spells:

 Spells                   Type           Power        Failure   Level  Hunger
 Confuse                  Hex            ##......     24%         3    ###....
 Dazzling Flash           Conj/Hex       #.....       50%         3    ###....


Dungeon Overview and Level Annotations

Branches:
Dungeon (5/15)              Sewer (visited)
 Temple: D:4-7

Altars:
Ru
Uskayaw
Xom


Innate Abilities, Weirdness & Mutations

You are small and have problems with some larger weapons.
You are somewhat resistant to further mutation.
You have a pair of small antennae on your head.
Your skin changes colour to match your surroundings (Stealth+).


Message History

Aim: an orc priest, wielding a +0 short sword, wearing a +0 leather armour and wearing an uncursed ring of wizardry (heavily wounded, chance to defeat MR: 50%)
The cursed +0 short sword dances into the air!
You are near starving!
The orc priest misses you.
The orc wizard mumbles some strange words.
The orc wizard blinks!
Your scale mail prevents you from hitting the orc priest.
The orc priest is heavily wounded.
The orc priest misses you.
You barely miss the orc priest.
The orc priest is heavily wounded.
The orc priest mumbles some strange prayers to Beogh against you.
Beogh smites you!
* * * LOW HITPOINT WARNING * * *
The orc wizard mumbles some strange words.
The orc wizard blinks!
Your +0 short sword hits the orc priest but does no damage.
The orc priest invokes the aid of Beogh against you.
Pain shoots through your body!
You die...

.......
########o......
.......#oo.....
######## #....###
#......# ######....#
#......#
##..[.§o##.....
#....>.# #.
#o(###### #.....
#......# #. #o##
..... #......# #.
#@# .S.. #.....[#
#.##.# ... #......#
#.#..# ... ####.####
#.#§## #.##..#
#....#
#..##.#######o#.#.
#........##...#....
.### .
#.##...#..#.#####...
#.##.$ #.####..#.#.#
.#.# #.##.#


You could see an orc priest, 2 orc wizards and a friendly +0 short sword.

Vanquished Creatures
  Edmund (D:3)
  A sky beast (D:5)
  2 ogres (D:4)
  A big kobold (Sewer)
  A crimson imp (D:5)
  2 bullfrog zombies (D:5)
  2 hounds (D:3)
  2 orc priests
  An iguana (D:4)
  2 orc wizards (D:5)
  2 worker ants
  8 adders
  2 river rats (Sewer)
  A worm (D:2)
  2 dart slugs
  A leopard gecko (D:3)
  7 orcs
  A ball python (D:4)
  8 giant cockroaches
  10 goblins
  7 hobgoblins
  2 jackals (Sewer)
  8 kobolds
  2 bats
  A leopard gecko skeleton (D:4)
  6 rats
  2 butterflies (D:4)
85 creatures vanquished.

Vanquished Creatures (collateral kills)
  Sigmund (D:4)
  An ogre (D:5)
2 creatures vanquished.

Vanquished Creatures (others)
  2 dancing weapons (D:4)
2 creatures vanquished.

Grand Total: 89 creatures vanquished

Notes
Turn   | Place    | Note
-------+----------+-------------------------------------------
     0 | D:1      | Birdy the Halfling Enchanter began the quest for the Orb.
     0 | D:1      | Reached XP level 1. HP: 11/11 MP: 3/3
   733 | D:1      | Reached XP level 2. HP: 18/18 MP: 4/4
  1526 | D:2      | Reached XP level 3. HP: 13/22 MP: 0/5
  1673 | D:2      | Reached skill level 1 in Fighting
  1823 | D:2      | Reached XP level 4. HP: 24/28 MP: 5/7
  1922 | D:2      | Reached skill level 3 in Dodging
  1930 | D:2      | Found a hide-covered altar of Uskayaw.
  2287 | D:2      | Learned a level 3 spell: Tukima's Dance
  2290 | D:2      | Learned a level 2 spell: Ensorcelled Hibernation
  2456 | D:3      | Found a glowing drain.
  2506 | Sewer    | Entered a sewer
  2543 | Sewer    | Reached XP level 5. HP: 23/33 MP: 5/8
  2659 | Sewer    | Noticed a big kobold
  2685 | Sewer    | Killed a big kobold
  2685 | Sewer    | Reached skill level 1 in Armour
  2807 | Sewer    | Found a white marble altar of Elyvilon.
  2984 | D:3      | Reached XP level 6. HP: 31/39 MP: 9/9
  3152 | D:3      | Found a faded altar of an unknown god.
  3698 | D:4      | Noticed an ogre
  3896 | D:4      | Found a shimmering altar of Xom.
  3947 | D:4      | Killed an ogre
  3947 | D:4      | Reached skill level 4 in Dodging
  4193 | D:4      | Reached XP level 7. HP: 37/45 MP: 2/11
  4200 | D:4      | Noticed Sigmund
  4268 | D:5      | Entered Level 5 of the Dungeon
  4296 | D:5      | Gained mutation: You have a pair of small antennae on your
                  | head. [potion of mutation]
  4296 | D:5      | Gained mutation: Your skin changes colour to match your
                  | surroundings (Stealth+). [potion of mutation]
  4298 | D:5      | HP: 1/45 [sky beast (6)]
  4309 | D:5      | HP: 2/45 [something (5)]
  4605 | D:4      | Killed Sigmund
  5461 | D:4      | Noticed Edmund
  5502 | D:3      | Killed Edmund
  5502 | D:3      | Reached XP level 8. HP: 32/52 MP: 3/12
  5649 | D:3      | Reached skill level 5 in Dodging
  6005 | D:5      | Found a sacrificial altar of Ru.
  6211 | D:5      | Killed from afar by an orc priest

Levels and vault maps discovered:
D:1:      elethiomel_arrival_shortcut, layout_basic, bh_walls_and_bars
D:2:      layout_rooms, eat_drink_and_be_merry_uskayaw
D:3:      layout_loops_corners, gup_sewer_entry_glass,
          chequers_ecumenical_altar_lobes
D:4:      layout_rooms, xom_butterflies, uniq_sigmund, uniq_edmund
D:5:      layout_rooms, kennysheep_mini_moat, first_ration

Skill      XL: |  1  2  3  4  5  6  7  8 |
---------------+-------------------------+-----
Fighting       | 1 2 3 |  3.8
Spellcasting   | 2 3 |  3.0
Dodging        | 3 4 5 |  5.4
Hexes          | 3 4 |  4.4
Armour         | 1 2 3 4 |  4.0
Short Blades   | |  1.2
Stealth        | |  3.2

Action                   |  1- 3 |  4- 6 |  7- 9 || total
-------------------------+-------+-------+-------++-------
Melee: Dagger            |    89 |   188 |       ||   277
       Rapier            |       |       |   115 ||   115
 Cast: Corona            |    31 |    14 |     2 ||    47
       Ensorcelled Hiber |       |    17 |    24 ||    41
       Tukima's Dance    |       |     3 |    14 ||    17
Evoke: Wand              |       |       |    23 ||    23
  Use: Scroll            |     4 |     2 |     4 ||    10
       Potion            |     3 |     5 |     8 ||    16
 Stab: Sleeping          |     2 |    13 |     8 ||    23
       Distracted        |       |       |     2 ||     2
  Eat: Chunk             |     4 |     6 |     2 ||    12
       Ration            |       |     1 |     2 ||     3
Armor: Robe              |     4 |       |       ||     4
       Leather armour    |    12 |    25 |    12 ||    49
       Scale mail        |       |       |    34 ||    34
Dodge: Dodged            |    57 |   141 |    91 ||   289

Table legend:
 A = Non-vault XP
 B = Vault XP
 C = Vault XP percentage of total XP
 D = Non-vault monster count
 E = Vault monster count
 F = Vault count percentage of total count
                 A         B        C        D         E       F
            +---------+---------+-------+---------+---------+-------
      Total |    1048 |     480 |  31.4 |      67 |      18 |  21.2
            +---------+---------+-------+---------+---------+-------
        D:1 |      15 |       0 |   0.0 |       8 |       0 |   0.0
        D:2 |      77 |       0 |   0.0 |      22 |       0 |   0.0
        D:3 |     137 |     164 |  54.5 |      16 |       5 |  23.8
        D:4 |     321 |     177 |  35.5 |      10 |       1 |   9.1
        D:5 |     498 |       0 |   0.0 |      11 |       0 |   0.0
      Sewer |       0 |     139 | 100.0 |       0 |      12 | 100.0
            +---------+---------+-------+---------+---------+-------
